 Dungeon Crawl Stone Soup version 0.15.2 (webtiles) character file.

74 Huymann the Shooter (level 4, -1/28 HPs)
             Began as a High Elf Hunter on July 23, 2017.
             Slain by a jackal (2 damage)
             ... on Level 2 of the Dungeon.
             The game lasted 00:17:12 (1434 turns).

Huymann the Shooter (High Elf Hunter)               Turns: 1434, Time: 00:17:12

HP  -1/28        AC  2     Str 11      XL: 4   Next:  9%
MP   7/7         EV 13     Int 15      God:
Gold 94          SH  0     Dex 16      Spells:  0 memorised,  4 levels left

rFire  . . .     SeeInvis .     b - +1 shortbow
rCold  . . .     Clarity  .     r - +0 robe
rNeg   . . .     rCorr    .     (no shield)
rPois  .         rRot     .     (no helmet)
rElec  .         Spirit   .     (no cloak)
SustAb .         Warding  .     (no gloves)
rMut   .         Stasis   .     (no boots)
Gourm  .                        (no amulet)
MR     .....                    (no ring)
                                (no ring)

@: not resistant to hostile enchantments, unstealthy
A: no striking features
a: no special abilities


You were on level 2 of the Dungeon.
You were not hungry.

You visited 1 branch of the dungeon, and saw 2 of its levels.

You collected 94 gold pieces.

Inventory:

Hand weapons
 a - a +0 short sword
 b - a +1 shortbow (weapon)
 e - a +0 dagger
 A - a cursed -2 whip
Missiles
 c - 42 arrows (quivered)
 u - 65 poisoned needles
Armour
 d - a +0 leather armour
 i - a +0 buckler
 r - a +0 robe (worn)
Comestibles
 f - 2 bread rations
 g - a rotting chunk of bat flesh
 j - a rotting chunk of worm flesh
 m - a slice of pizza
 n - 2 meat rations
 t - a beef jerky
 v - 3 fruits
 x - a chunk of rat flesh
 z - a royal jelly
 C - a chunk of giant gecko flesh
 D - a chunk of jackal flesh
Scrolls
 h - a scroll of remove curse {unknown}
 s - a scroll of fog {unknown}
 y - a scroll of fear {unknown}
Jewellery
 k - an uncursed amulet of resist corrosion {unknown}
 w - an uncursed ring of teleport control {unknown}
Potions
 l - a potion of confusion {unknown}
 p - a potion of curing {unknown}
 q - a potion of lignification {unknown}
 B - a potion of cancellation {unknown}


   Skills:
 * Level 1.3 Fighting
 * Level 1.6 Short Blades
 + Level 6.0 Bows
 + Level 0.3 Armour
 + Level 2.7 Dodging
 * Level 2.2 Stealth
 * Level 0.7 Spellcasting


You had 4 spell levels left.
You didn't know any spells.

Dungeon Overview and Level Annotations

Branches:
Dungeon (2/15)

Altars:


Message History

You shoot an arrow. The arrow misses the jackal.
The jackal bites you.
* * * LOW HITPOINT WARNING * * *
Firing (i - inventory):
c - 45 arrows (quivered)
Press: ? - help, Shift-Dir - straight line, f/p - jackal
Aim: a jackal You shoot an arrow.
The arrow hits the jackal.
The jackal is moderately wounded.
The jackal bites you.
* * * LOW HITPOINT WARNING * * *
The jackal misses you.
Firing (i - inventory):
c - 44 arrows (quivered)
Press: ? - help, Shift-Dir - straight line, f/p - jackal
Aim: a jackal (moderately wounded)
You shoot an arrow. The arrow misses the jackal.
The jackal bites you.
* * * LOW HITPOINT WARNING * * *
Firing (i - inventory):
c - 43 arrows (quivered)
Press: ? - help, Shift-Dir - straight line, f/p - jackal
Aim: a jackal (moderately wounded)
You shoot an arrow. The arrow barely misses the jackal.
The jackal bites you.
You die...

## #. ####.#### ........(#
.......#.######
.#.(..........##
.......((...!...#
...(...(..h@##$#..# #.#
##...#.#####..#.#..# #.#
....#.# #).#.#..# #.#
##...#.# #..#.#[.# #.#
#....#.#####..#.#..#####.#
#....#.##.%...#.#.....##.#
#....#.##.###.#.#.###.##.#
##.......#.###.#.#.# #.##.##
#.....(....%.%...#.###.#.<.#


You could see a jackal.

Vanquished Creatures
  A giant mite (D:2)
  A worm (D:2)
  A giant gecko (D:2)
  A ball python (D:2)
  3 goblins
  8 hobgoblins
  19 jackals
  6 kobolds
  7 bats
  4 giant cockroaches
  2 rats
53 creatures vanquished.

Notes
Turn   | Place    | Note
--------------------------------------------------------------
     0 | D:1      | Huymann, the High Elf Hunter, began the quest for the Orb.
     0 | D:1      | Reached XP level 1. HP: 13/13 MP: 2/2
   294 | D:1      | Reached XP level 2. HP: 13/18 MP: 3/3
   881 | D:1      | Reached skill level 1 in Short Blades
   901 | D:1      | Reached XP level 3. HP: 11/23 MP: 5/5
  1411 | D:2      | Reached skill level 6 in Bows
  1420 | D:2      | Reached XP level 4. HP: 12/28 MP: 7/7
  1433 | D:2      | HP: 1/28 [jackal (3)]
  1434 | D:2      | Slain by a jackal

Action                   |  1- 3 |  4- 6 || total
-------------------------+-------+-------++-------
Melee: Short sword       |    17 |       ||    17
       Dagger            |   113 |     1 ||   114
 Fire: Shortbow          |    73 |    11 ||    84
Throw: Javelin           |     4 |     1 ||     5
 Stab: Sleeping          |     2 |       ||     2
  Eat: Chunk             |     2 |       ||     2
